 Dungeon Crawl Stone Soup version 0.18-b1-22-ge198996 (webtiles) character file.

152595 oplop the Fighter (level 17, -16/126 HPs)
             Began as an Octopode Ice Elementalist on May 2, 2016.
             Was the Champion of Cheibriados.
             Demolished by a spriggan berserker
             ... wielding a +0 war axe
              (31 damage)
             ... on level 2 of the Depths on May 3, 2016.
             The game lasted 02:58:50 (32243 turns).

oplop the Fighter (Octopode Ice Elementalist)      Turns: 32243, Time: 02:58:50

Health: -16/126    AC: 12    Str: 29    XL:     17   Next: 58%
Magic:  11/31      EV: 28    Int: 37    God:    Cheibriados [******]
Gold:   2492       SH:  0    Dex: 29    Spells: 10 memorised, 0 levels left

rFire  . . .     SeeInvis .       - Unarmed
rCold  + + .     Gourm    +     (shield currently unavailable)
rNeg   . . .     Faith    .     M - +0 hat {rC+}
rPois  +         Spirit   .     v - amulet of the gourmand
rElec  .         Dismiss  .     k - ring of poison resistance
rCorr  +         Reflect  .     x - +4 ring of strength
SustAt .         Harm     .     W - ring of wizardry
MR     ++...                    Y - +2 ring of intelligence
Stlth  ++++++++..               z - +3 ring of protection
                                a - +4 ring of slaying
                                S - ring of resist corrosion
                                Z - ring of protection from cold

@: about to teleport, blade tentacles, very slightly contaminated, studying
Stealth, very slow, very resistant to hostile enchantments, extraordinarily
stealthy
A: almost no armour, amphibious, 8 rings, constrict 8, icy blue scales 1,
iridescent scales 1, yellow scales 1, camouflage 2, magic resistance 1, poison
resistance, regeneration 1, shaggy fur 1, gelatinous body 1, evolution 1
a: End Transformation, Bend Time, Temporal Distortion, Slouch, Step From Time,
Renounce Religion


You were on level 2 of the Depths.
You worshipped Cheibriados.
Cheibriados was exalted by your worship.
You were completely stuffed.
You had blades for tentacles.
You visited 6 branches of the dungeon, and saw 29 of its levels.
You also visited: Labyrinth, Ossuary and Ice Cave.

You collected 3032 gold pieces.
You spent 540 gold pieces at shops.

Inventory:

Hand Weapons
 H - the +5 glaive of the Key (melded) {flame, rElec rN+ Str+2}
   (You took it off a frost giant in an ice cave)

   It has been specially enchanted to burn those struck by it, causing extra
   injury to most foes and up to half again as much damage against particularly
   susceptible opponents.
   Big, fiery blades are also staple armaments of hydra-hunters.
   It affects your strength (+2).
   It insulates you from electricity.
   It protects you from negative energy.
Missiles
 o - 653 stones (quivered)
Armour
 M - a +0 hat of cold resistance (worn)
Jewellery
 a - a +4 ring of slaying (on tentacle)
 k - a ring of poison resistance (left scythe-like blade)
 v - an amulet of the gourmand (around mantle)
 x - a +4 ring of strength (right scythe-like blade)
 z - a +3 ring of protection (on tentacle)
 G - a +3 ring of dexterity {unknown}
 S - a ring of resist corrosion (on tentacle)
 U - an uncursed ring of fire
 W - a ring of wizardry (on tentacle)
 Y - a +2 ring of intelligence (on tentacle)
 Z - a ring of protection from cold (on tentacle)
Wands
 l - a wand of paralysis (13/24)
 u - a wand of teleportation (4/9)
 T - a wand of heal wounds (4/9)
 X - a wand of iceblast (5/15)
Scrolls
 c - a scroll of immolation
 g - a scroll of enchant armour
 h - 6 scrolls of magic mapping
 j - 4 scrolls of recharging
 q - 5 scrolls of fear
 r - a scroll of holy word
 A - 8 scrolls of remove curse
 K - a scroll of enchant weapon
 N - a scroll of fog
 O - a scroll of identify
 P - 2 scrolls of blinking
 Q - 2 scrolls of summoning
 V - 2 scrolls of amnesia
Potions
 d - 6 potions of might
 e - 6 potions of lignification
 m - 4 potions of cancellation
 n - 4 potions of brilliance
 s - 5 potions of invisibility
 w - a potion of ambrosia
 B - 3 potions of resistance
 C - 6 potions of flight
 D - 12 potions of curing
 I - 2 potions of heal wounds
 J - 5 potions of agility
Books
 f - Coog's Catalogue of Snow and the Birds
   (You found it on level 7 of the Lair of Beasts)

   Spells                             Type                      Level
   a - Throw Icicle                   Conjuration/Ice              4
   b - Ice Form                       Ice/Transmutation            4
   c - Lightning Bolt                 Conjuration/Air              5
   d - Conjure Ball Lightning         Conjuration/Air              6
 i - a book of Transfigurations

   Spells                             Type                      Level
   a - Irradiate                      Conjuration/Transmutation    5
   b - Statue Form                    Transmutation/Earth          6
   c - Hydra Form                     Transmutation                6
   d - Dragon Form                    Transmutation                7
 y - a manual of Stealth
 F - a book of the Earth

   Spells                             Type                      Level
   a - Leda's Liquefaction            Hexes/Earth                  4
   b - Bolt of Magma                  Conjuration/Fire/Earth       5
   c - Statue Form                    Transmutation/Earth          6
   d - Iron Shot                      Conjuration/Earth            6
   e - Shatter                        Earth                        9
Miscellaneous
 t - a phial of floods
Comestibles
 b - 15 bread rations
 E - 5 meat rations
 L - 17 fruits
 R - 4 beef jerkies


   Skills:
 - Level 14.4 Fighting
 + Level 13.0 Dodging
 * Level 11.7 Stealth
 - Level 12.5 Unarmed Combat
 + Level 10.8 Spellcasting
 - Level 5.6 Conjurations
 - Level 5.4 Summonings
 + Level 8.4 Transmutations
 - Level 6.5 Ice Magic
 + Level 2.8 Earth Magic
 - Level 12.0 Invocations


You couldn't memorise any spells.
You knew the following spells:

 Your Spells              Type           Power        Failure   Level  Hunger
a - Freeze                Ice            ####         4%          1    None
b - Ozocubu's Armour      Chrm/Ice       #####...     9%          3    None
c - Summon Ice Beast      Ice/Summ       ######..     9%          4    None
d - Throw Icicle          Conj/Ice       ######..     9%          4    None
e - Ice Form              Ice/Trmt       ######..     6%          4    None
f - Blade Hands           Trmt           ######....   9%          5    None
g - Blink                 Tloc           N/A          12%         2    None
h - Repel Missiles        Chrm/Air       ###...       12%         2    None
i - Hydra Form            Trmt           ######....   22%         6    ####...
j - Statue Form           Trmt/Erth      ######...    43%         6    ####...


Dungeon Overview and Level Annotations

Branches:
Dungeon (15/15)            Temple (1/1) D:4            Lair (8/8) D:11
 Shoals (1/4) Lair:6       Spider (0/4) Lair:6        Slime (0/6) Lair:8
    Orc (2/2) D:9             Elf (0/3) Orc:2        Vaults (0/5) D:14
 Depths (2/5) D:15

Altars:
Ashenzari
Cheibriados
Dithmenos
Elyvilon
Fedhas
Gozag
Kikubaaqudgha
Makhleb
Nemelex Xobeh
Okawaru
Pakellas
Qazlal
Ru
Sif Muna
Trog
Vehumet
Xom
Yredelemnul
Zin
The Shining One

Shops:
Orc:2 [=?[   Shoals:1 :

Portals:
Hell: Depths:1
Abyss: Depths:1
Ziggurat: Depths:1
Trove: D:10 (give horn of Geryon)

Annotations:
D:7 manyhoops's ghost, novice DsGl
D:11 Erolcha
Lair:1 exclusion: hippogriff
Lair:4 exclusion: door
Lair:5 exclusion: hydra
Depths:1 exclusion: downstairs, Norris


Innate Abilities, Weirdness & Mutations

You cannot wear most types of armour.
You are amphibious.
You can wear up to eight rings at the same time.
You can use your tentacles to constrict eight enemies at once.
Your skin blends seamlessly with your surroundings (Stealth).
Your rubbery body absorbs attacks (AC +1).
You are partially covered in icy blue scales (AC +1).
You are partially covered in iridescent scales (AC +4).
You are partially covered in yellow scales (AC +2).
You are resistant to hostile enchantments.
Your system is resistant to poisons.
Your natural rate of healing is unusually fast.
You are covered in fur (AC +1).
You evolve.


Message History

The spriggan berserker mumbles some strange prayers to Trog.
The spriggan berserker goes berserk!
The spriggan berserker barely misses you.
The yaktaur captain shoots a bolt.
The bolt is repelled.
The yaktaur shoots a bolt.
The bolt is repelled.
You feel less protected from missiles.
The yaktaur shoots a bolt.
The bolt closely misses you.
Unknown command.
Unknown command.
Unknown command.
The spriggan berserker hits you with a hand axe!!
* * * LOW HITPOINT WARNING * * *
The spriggan berserker completely misses you.
The spriggan berserker utters an invocation to Trog.
The spriggan berserker goes berserk!
The fire dragon disappears!
The spriggan berserker misses you.
The stone giant throws a large rock.
The large rock completely misses you.
The large rock misses the spriggan berserker.
The spriggan berserker hits you with a war axe!!
You die...

. ..
################
...$...?((()...?
.......(.i..C...
...uc..i@......(
.ccc.(..........
..c##########ยง##
c. .


C You could see a stone giant, a yaktaur captain, a brown ugly thing, 2 spriggan
berserkers and 4 yaktaurs.

Vanquished Creatures
  A titan (Depths:2)
  3 frost giants
  Aizul (Depths:1)
  Maud (D:13)
  An orc warlord (Orc:1)
  The ghost of Marenglen the Messiah, a journeyman HOVM of Beogh (Orc:2)
  2 very ugly things (Depths:1)
  3 stone giants
  An ettin (Depths:1)
  Snorg (Lair:7)
  A merfolk javelineer (Depths:2)
  A minotaur (Lab)
  A fire dragon (Depths:2)
  A yaktaur captain (D:15)
  4 vault guards (D:14)
  Josephine (Lair:5)
  Fannar (Lair:1)
  7 hydras
  4 ogre magi
  4 ice dragons
  2 spriggan air magi (Depths:2)
  4 centaur warriors
  An alligator snapping turtle (Shoals:1)
  5 death yaks (Lair:4)
  3 deep troll shamans (Depths:1)
  A deep troll earth mage (Depths:1)
  6 orc high priests
  6 tengu warriors
  2 spriggan berserkers (Depths:2)
  An unseen horror (D:12)
  A wizard (D:15)
  6 deep trolls (Depths:1)
  A deep troll (shapeshifter) (Depths:1)
  2 giant orange brains (Depths:1)
  6 orc knights (Orc:2)
  A necromancer (Lair:4)
  2 lindwurms (Lair:8)
  4 hill giants
  4 orc sorcerers (Orc:2)
  A faun (Shoals:1)
  A wolf spider (D:15)
  9 griffons
  4 manticores
  3 oklob plants
  4 cyclopes
  10 ugly things
  4 deep elf magi
  3 centaur zombies
  An ice statue (IceCv)
  4 centaur skeletons
  6 torpor snails (Lair:8)
  6 black mambas
  3 gargoyles
  A kobold demonologist (D:11)
  A spiny frog (shapeshifter) (D:15)
  10 spiny frogs
  8 komodo dragons
  A freezing wraith (D:15)
  3 rime drakes
  2 demonic crawlers (D:15)
  2 yaktaurs
  3 efreet
  A queen bee (Lair:1)
  3 trolls
  9 two-headed ogres
  A merfolk (Shoals:1)
  2 jumping spiders (Lair:6)
  A wind drake (Shoals:1)
  A snapping turtle (Shoals:1)
  10 blink frogs
  Prince Ribbit (D:8)
  5 giant leeches (Lair:8)
  16 polar bears
  A boulder beetle (Lair:8)
  6 redbacks
  A spriggan (shapeshifter) (D:13)
  2 spriggans
  5 wraiths
  4 wyverns
  7 water elementals (Depths:2)
  2 humans (D:7)
  66 yaks
  A basilisk (Lair:5)
  A steam dragon (D:10)
  9 vampire mosquitoes (D:15)
  14 hippogriffs
  2 hungry ghosts (D:14)
  7 wargs
  Edmund (D:5)
  A soldier ant (D:12)
  11 porcupines
  13 water moccasins
  A hornet simulacrum (D:15)
  35 orc warriors
  2 eyes of draining
  3 slaves (D:8)
  5 wasps
  An ice beast (D:15)
  A black bear (D:7)
  2 sky beasts
  A necrophage (D:14)
  5 boggarts
  A phantom (D:10)
  25 wolves
  18 ogres
  13 crocodiles
  21 centaurs
  Blork the orc (Orc:2)
  A big kobold (D:9)
  A gnoll sergeant (D:13)
  A wyvern zombie (D:9)
  24 giant frogs
  4 scorpions
  A water moccasin skeleton (D:11)
  37 killer bees
  A howler monkey (D:4)
  A troll skeleton (Lab)
  An electric eel (Lair:2)
  6 crimson imps
  A quasit (D:11)
  A giant frog zombie (D:10)
  11 hounds
  A human zombie (Ossuary)
  5 jellies
  25 orc wizards
  20 orc priests
  3 giant frog skeletons
  12 iguanas
  11 worker ants
  40 sheep
  A wolf simulacrum (Lair:4)
  An ogre skeleton (Lab)
  A hound zombie (D:9)
  4 mummies
  A worker ant zombie (D:8)
  8 gnolls
  5 adders
  75 river rats
  5 shadow imps
  2 white imps (Lair:5)
  3 oozes (Lair:8)
  An adder zombie (D:6)
  An adder skeleton (D:8)
  24 worms
  2 dart slugs
  2 giant geckos (D:4)
  87 orcs
  A ball python (D:1)
  4 bats
  3 giant cockroaches
  11 goblins
  7 hobgoblins
  6 jackals
  15 kobolds
  5 quokkas
  A giant gecko skeleton (D:4)
  3 giant newts
  3 goblin zombies (Ossuary)
  2 hobgoblin zombies (Ossuary)
  A jackal skeleton (D:4)
  A kobold zombie (Ossuary)
  An orc zombie (Ossuary)
  5 rats
  A river rat simulacrum (Lair:4)
  A bush (Lair:6)
  7 plants
1036 creatures vanquished.

Vanquished Creatures (collateral kills)
  6 hydras
  A death yak (Lair:4)
  Pikel (D:8)
  4 hill giants
  5 oklob plants (Lair:1)
  An ugly thing (D:9)
  A spiny frog (Lair:1)
  A centaur skeleton (D:11)
  3 komodo dragons
  A polar bear (Lair:2)
  3 slime creatures (D:12)
  2 wraiths
  5 yaks
  A hippogriff (D:4)
  2 wargs
  A sky beast (D:7)
  A black bear (Lair:2)
  An ice beast (D:5)
  A slave (D:8)
  A necrophage (D:6)
  7 ogres
  5 wolves
  3 centaurs
  3 giant frogs
  A wyvern zombie (D:6)
  3 killer bees
  An orc priest (D:8)
  A hound (Lair:3)
  2 orc wizards
  A worker ant (D:12)
  2 mummies (Ossuary)
  2 gnolls (D:4)
  An adder (D:8)
  A river rat (Lair:1)
  A shadow imp (D:7)
  A worm (Lair:8)
  15 orcs
  A kobold (D:9)
  3 plants (Lair:1)
96 creatures vanquished.

Vanquished Creatures (others)
  A komodo dragon (D:8)
  3 howler monkeys (D:8)
  An orc wizard (Orc:2)
  31 fungi
  18 plants
54 creatures vanquished.

Grand Total: 1186 creatures vanquished

Notes
Turn   | Place    | Note
--------------------------------------------------------------
     0 | D:1      | oplop the Octopode Ice Elementalist began the quest for the Orb.
     0 | D:1      | Reached XP level 1. HP: 11/11 MP: 3/3
   174 | D:1      | Reached XP level 2. HP: 4/17 MP: 1/5
   995 | D:2      | Found a faded altar to an unknown god.
  1179 | D:2      | Reached XP level 3. HP: 21/21 MP: 5/7
  1380 | D:2      | Found a burning altar of Makhleb.
  1745 | D:2      | Reached XP level 4. HP: 23/27 MP: 5/8
  2003 | D:3      | Learned a level 3 spell: Ozocubu's Armour
  2008 | D:3      | Learned a level 4 spell: Summon Ice Beast
  2098 | D:3      | Reached skill level 1 in Summonings
  2098 | D:3      | Reached XP level 5. HP: 26/31 MP: 1/9
  2754 | D:4      | Noticed an ogre
  3047 | D:4      | Found a radiant altar of Vehumet.
  3088 | D:4      | Reached XP level 6. HP: 34/36 MP: 11/11
  3100 | D:4      | Found a staircase to the Ecumenical Temple.
  3409 | D:4      | Reached XP level 7. HP: 40/41 MP: 9/13
  3414 | Temple   | Entered the Ecumenical Temple
  3682 | D:5      | Entered Level 5 of the Dungeon
  3683 | D:5      | Found a sand-covered staircase.
  3724 | Ossuary  | Entered an ossuary
  4475 | D:4      | Noticed a hippogriff
  4483 | D:4      | Killed a hippogriff
  5003 | D:4      | Reached skill level 5 in Ice Magic
  5033 | D:5      | Noticed Edmund
  5159 | D:5      | Found an opulent altar of Gozag.
  5307 | D:5      | Killed Edmund
  5307 | D:5      | Reached skill level 5 in Dodging
  5307 | D:5      | Reached XP level 8. HP: 32/46 MP: 2/14
  5356 | D:5      | Found a stormy altar of Qazlal.
  5413 | D:5      | Found a glowing golden altar of the Shining One.
  5809 | D:5      | Gained mutation: Your system is resistant to poisons. [potion of mutation]
  5809 | D:5      | Gained mutation: You evolve. [potion of mutation]
  5809 | D:5      | Gained mutation: You are partially covered in yellow scales (AC +2). [potion of mutation]
  5810 | D:5      | Gained mutation: Your body sometimes deteriorates upon taking damage. [potion of mutation]
  5810 | D:5      | Gained mutation: You are covered in fur (AC +1). [potion of mutation]
  5810 | D:5      | Gained mutation: You are partially covered in iridescent scales (AC +4). [potion of mutation]
  6528 | D:6      | Reached skill level 5 in Summonings
  6552 | D:6      | Found a burning altar of Makhleb.
  6555 | D:6      | Noticed an Executioner
  6557 | D:6      | Found a glowing silver altar of Zin.
  6558 | D:6      | Noticed an angel
  6584 | D:6      | Found an iron altar of Okawaru.
  6586 | D:6      | Found a bloodstained altar of Trog.
  6919 | D:7      | Noticed manyhoops's ghost (novice DsGl)
  7171 | D:6      | Gained mutation: Your skin blends seamlessly with your surroundings (Stealth). [evolution]
  7403 | D:6      | Learned a level 4 spell: Throw Icicle
  7490 | D:7      | Found an iron altar of Okawaru.
  7520 | D:7      | Reached skill level 1 in Fighting
  7520 | D:7      | Reached XP level 9. HP: 44/51 MP: 8/15
  7630 | D:7      | Reached skill level 2 in Fighting
  7770 | D:7      | Found an oddly glowing altar of Pakellas.
  7993 | D:7      | Reached skill level 3 in Fighting
  8581 | D:8      | Reached skill level 4 in Fighting
  8603 | D:8      | Found a blossoming altar of Fedhas.
  8625 | D:8      | Found an oddly glowing altar of Pakellas.
  8625 | D:8      | Noticed an orange crystal statue
  8626 | D:8      | Noticed a komodo dragon
  8636 | D:8      | Killed a komodo dragon
  9064 | D:8      | Reached XP level 10. HP: 61/63 MP: 16/16
  9073 | D:8      | Found a white marble altar of Elyvilon.
  9143 | D:8      | Noticed Pikel
  9152 | D:8      | Reached skill level 5 in Conjurations
  9395 | D:8      | Killed Pikel
  9395 | D:8      | Reached skill level 5 in Fighting
  9433 | D:8      | Reached skill level 5 in Spellcasting
  9491 | D:8      | Found a basalt altar of Yredelemnul.
  9693 | D:8      | Noticed Prince Ribbit
  9707 | D:8      | Killed Prince Ribbit
  9791 | D:8      | Found a snail-covered altar of Cheibriados.
  9799 | D:8      | Became a worshipper of Cheibriados the Contemplative
  9908 | D:9      | Found a staircase to the Orcish Mines.
 10547 | D:9      | Reached skill level 1 in Invocations
 10789 | D:9      | Gained mutation: You are resistant to hostile enchantments. [evolution]
 10843 | D:9      | Reached * piety under Cheibriados
 11249 | D:10     | Entered Level 10 of the Dungeon
 11325 | D:10     | Found a portal to a secret trove of treasure.
 11363 | D:10     | Noticed a brown ugly thing
 11795 | D:9      | Killed a cyan ugly thing
 11795 | D:9      | Reached skill level 6 in Fighting
 12125 | D:10     | Reached ** piety under Cheibriados
 12196 | D:10     | Reached XP level 11. HP: 54/74 MP: 15/20
 12198 | D:10     | Noticed a hill giant
 12218 | D:10     | Killed a hill giant
 12218 | D:10     | Reached skill level 5 in Invocations
 12606 | D:10     | Lost mutation: Your body sometimes deteriorates upon taking damage. [evolution]
 12689 | D:10     | Noticed a hill giant
 12695 | D:10     | Killed a hill giant
 12794 | D:11     | Noticed a hill giant
 12804 | D:11     | Killed a hill giant
 12889 | D:11     | Reached *** piety under Cheibriados
 12975 | D:11     | Noticed an oklob plant
 13086 | D:11     | Reached skill level 7 in Fighting
 13107 | D:11     | Found a staircase to the Lair.
 13153 | D:11     | Found a white marble altar of Elyvilon.
 13292 | D:11     | Noticed Erolcha
 13723 | D:12     | Reached **** piety under Cheibriados
 14010 | D:13     | Found an ancient bone altar of Kikubaaqudgha.
 14010 | D:13     | Noticed a hill giant
 14037 | D:12     | Killed an unseen horror
 14041 | D:12     | Noticed a purple ugly thing
 14341 | D:12     | Killed a purple ugly thing
 14626 | D:13     | Noticed a deep elf mage
 14632 | D:13     | Killed a deep elf mage
 14670 | D:13     | Learned a level 4 spell: Ice Form
 14694 | D:13     | Reached skill level 1 in Transmutations
 14795 | D:13     | Reached skill level 1 in Unarmed Combat
 14802 | D:13     | Noticed a hill giant
 14809 | D:13     | Killed a hill giant
 14809 | D:13     | Reached XP level 12. HP: 78/82 MP: 3/22
 14825 | D:13     | Noticed Maud
 14851 | D:13     | Reached skill level 8 in Fighting
 15000 | D:12     | Reached ***** piety under Cheibriados
 15326 | Lair:1   | Entered Level 1 of the Lair of Beasts
 15588 | Lair:1   | Noticed Fannar
 15806 | Lair:1   | Learned a level 5 spell: Blade Hands
 15938 | Lair:1   | Gained mutation: Your natural rate of healing is unusually fast. [evolution]
 16709 | Lair:2   | Reached skill level 10 in Invocations
 16890 | Lair:2   | Reached ****** piety under Cheibriados
 17160 | Lair:3   | Noticed an eight-headed hydra
 17616 | Lair:3   | Reached skill level 9 in Fighting
 17723 | Lair:3   | Lost mutation: Your system is resistant to poisons. [evolution]
 17723 | Lair:3   | Lost mutation: You evolve. [end of evolution]
 17799 | Lair:3   | Noticed a four-headed hydra
 17807 | Lair:3   | Killed a four-headed hydra
 17807 | Lair:3   | Reached XP level 13. HP: 29/90 MP: 0/23
 18014 | Lair:3   | Reached skill level 5 in Transmutations
 18115 | Lair:4   | Found a bloodstained altar of Trog.
 18228 | Lair:4   | Reached skill level 5 in Unarmed Combat
 18613 | Lair:1   | Learned a level 2 spell: Blink
 18616 | Lair:1   | Learned a level 2 spell: Repel Missiles
 18743 | Lair:5   | Noticed Josephine
 18753 | Lair:5   | Killed Josephine
 18813 | Lair:5   | Found a labyrinth entrance.
 18822 | Lab      | Entered a labyrinth
 19762 | Lab      | Noticed a minotaur
 19768 | Lab      | Killed a minotaur
 19798 | Lair:5   | Reached skill level 10 in Fighting
 19912 | Lair:5   | Noticed an ice dragon
 19922 | Lair:5   | Killed an ice dragon
 20479 | Lair:6   | Found a staircase to the Shoals.
 20881 | Lair:6   | Found a hole to the Spider Nest.
 21641 | Lair:1   | Reached XP level 14. HP: 99/99 MP: 17/24
 21838 | Lair:1   | Reached skill level 10 in Dodging
 22081 | Lair:7   | Noticed Snorg
 22150 | Lair:7   | Reached skill level 11 in Fighting
 22152 | Lair:7   | Identified Coog's Catalogue of Snow and the Birds
 22377 | Lair:7   | Killed Snorg
 22698 | Lair:8   | Entered Level 8 of the Lair of Beasts
 22824 | Lair:8   | Found a frozen archway.
 22835 | IceCv    | Entered an ice cave
 23031 | IceCv    | Noticed a frost giant
 23542 | IceCv    | Killed a frost giant
 23549 | IceCv    | Got a bloodstained glaive {flame}
 23551 | IceCv    | Identified the +5 glaive of the Key {flame, rElec rN+ Str+2} (You took it off a frost giant in an ice cave)
 23771 | Lair:8   | Found a staircase to the Slime Pits.
 23820 | Lair:8   | Reached skill level 12 in Fighting
 24249 | Lair:8   | Found a runed door.
 24276 | Lair:8   | Reached XP level 15. HP: 104/108 MP: 17/25
 24382 | Lair:8   | Reached skill level 10 in Unarmed Combat
 24868 | Lair:1   | Killed Fannar
 25682 | Orc:1    | Entered Level 1 of the Orcish Mines
 25936 | Orc:1    | Noticed an orc warlord
 25943 | Orc:1    | Killed an orc warlord
 25950 | Orc:1    | Reached skill level 13 in Fighting
 26256 | Orc:2    | Entered Level 2 of the Orcish Mines
 26256 | Orc:2    | Found a staircase to the Elven Halls.
 26256 | Orc:2    | Noticed Marenglen's ghost (journeyman HOVM)
 26268 | Orc:2    | Killed Marenglen's ghost
 26319 | Orc:2    | Noticed Blork the orc
 26397 | Orc:2    | Killed Blork the orc
 27155 | Orc:2    | Found Sussizit's Antique Armour Shoppe.
 27155 | Orc:2    | Found Vaic's Jewellery Boutique.
 27158 | Orc:2    | Found Veih's Magic Scroll Shoppe.
 27158 | Orc:2    | Found Ihop's Armour Boutique.
 27169 | Orc:2    | Bought an uncursed ring of resist corrosion for 240 gold pieces
 27169 | Orc:2    | Bought an uncursed ring of protection from cold for 300 gold pieces
 27254 | Orc:2    | Gained mutation: Your system is resistant to poisons. [potion of beneficial mutation]
 27255 | Orc:2    | Gained mutation: You are partially covered in icy blue scales (AC +1). [potion of beneficial mutation]
 27476 | D:13     | Killed Maud
 27649 | D:13     | Reached XP level 16. HP: 117/117 MP: 8/27
 28074 | D:14     | Found a gate to the Vaults.
 28890 | D:14     | Learned a level 6 spell: Hydra Form
 29045 | D:15     | Entered Level 15 of the Dungeon
 29098 | D:15     | Reached skill level 14 in Fighting
 29672 | D:15     | Reached skill level 10 in Spellcasting
 29673 | D:15     | Found a staircase to the Depths.
 30097 | Shoals:1 | Entered Level 1 of the Shoals
 30130 | Shoals:1 | Found Foib's Book Emporium.
 30907 | Lair:6   | Upgraded the game from 0.18-b1-18-g7758cf2 to 0.18-b1-22-ge198996
 31332 | Depths:1 | Entered Level 1 of the Depths
 31332 | Depths:1 | Found a one-way gate to the infinite horrors of the Abyss.
 31349 | Depths:1 | Reached XP level 17. HP: 126/126 MP: 20/31
 31360 | Depths:1 | Reached skill level 5 in Stealth
 31420 | Depths:1 | Found a gateway to Hell.
 31463 | Depths:1 | Gained mutation: You evolve. [potion of beneficial mutation]
 31482 | Depths:1 | Learned a level 6 spell: Statue Form
 31586 | Depths:1 | Reached skill level 1 in Earth Magic
 31589 | Depths:1 | Found a shattered altar of Ashenzari.
 31592 | Depths:1 | Noticed Norris
 31902 | Depths:1 | Noticed Aizul
 31914 | Depths:1 | Killed Aizul
 31936 | Depths:1 | Reached skill level 10 in Stealth
 31945 | Depths:1 | Found a gateway to a ziggurat.
 32122 | Depths:2 | Noticed a titan
 32131 | Depths:2 | Killed a titan
 32228 | Depths:2 | Paralysed by a great orb of eyes for 4 turns
 32230 | Depths:2 | HP: 6/163 [yaktaur (8)]
 32243 | Depths:2 | Demolished by a spriggan berserker

Skill      XL: |  1  2  3  4  5  6  7  8  9 10 11 12 13 14 15 16 17 |
---------------+----------------------------------------------------+-----
Spellcasting   | 3 4 6 7 10 | 10.8
Dodging        | 3 4 5 6 7 8 9 11 12 13 | 13.0
Summonings     | 1 2 3 5 |  5.4
Ice Magic      | 4 5 6 |  6.5
Fighting       | 1 4 6 7 9 10 12 13 14 | 14.4
Conjurations   | 4 5 |  5.6
Invocations    | 4 8 11 12 | 12.0
Transmutations | 1 4 5 6 7 8 |  8.4
Unarmed Combat | 1 4 7 9 11 12 | 12.5
Stealth        | 4 11 | 11.7
Earth Magic    | 2 |  2.8

Action                   |  1- 3 |  4- 6 |  7- 9 | 10-12 | 13-15 | 16-18 || total
-------------------------+-------+-------+-------+-------+-------+-------++-------
Melee: Unarmed           |    88 |   104 |   198 |    65 |   692 |   313 ||  1460
       Constrict         |    27 |    35 |    56 |   160 |   101 |    41 ||   420
       Tentacles         |    18 |    27 |    66 |   230 |   230 |    99 ||   670
       Mace              |       |       |   102 |       |       |       ||   102
       Whip              |       |       |       |   604 |    20 |       ||   624
       Punch             |       |       |       |    16 |    69 |    47 ||   132
       Glaive            |       |       |       |       |    95 |    93 ||   188
Throw: Stone             |       |     1 |       |     4 |     2 |     5 ||    12
 Cast: Freeze            |     9 |    28 |    16 |    10 |       |       ||    63
       Ozocubu's Armour  |       |     8 |    31 |    57 |    43 |    13 ||   152
       Summon Ice Beast  |       |       |    25 |    58 |    41 |     4 ||   128
       Throw Icicle      |       |       |     1 |    33 |    20 |    10 ||    64
       Blade Hands       |       |       |       |       |    68 |    39 ||   107
       Ice Form          |       |       |       |       |    15 |     2 ||    17
       Repel Missiles    |       |       |       |       |     2 |     3 ||     5
       Hydra Form        |       |       |       |       |       |     8 ||     8
       Blink             |       |       |       |       |       |     4 ||     4
Invok: Bend Time         |       |       |       |     4 |     1 |       ||     5
       Slouch            |       |       |       |     3 |    13 |     2 ||    18
       Temporal Distorti |       |       |       |     2 |     8 |     1 ||    11
 Abil: End Transformatio |       |       |       |       |     3 |     4 ||     7
Evoke: Wand              |       |       |       |     3 |       |     1 ||     4
  Use: Potion            |       |     3 |     2 |     3 |     3 |     2 ||    13
       Scroll            |       |     4 |    14 |    15 |    16 |    13 ||    62
 Stab: Sleeping          |    10 |     4 |    11 |    21 |    24 |    12 ||    82
       Distracted        |       |       |     1 |     7 |    11 |     1 ||    20
  Eat: Chunk             |     2 |     6 |    33 |    27 |    31 |     8 ||   107
       Beef jerky        |       |     1 |       |       |       |       ||     1
       Bread ration      |       |       |     1 |       |       |       ||     1
Armor: Skin              |     6 |    12 |    75 |   191 |   157 |    77 ||   518
Dodge: Dodged            |    62 |    67 |   203 |   829 |   864 |   524 ||  2549
       Deflected         |       |       |       |       |     3 |    10 ||    13
